 Dungeon Crawl Stone Soup version 0.30-a0-862-g1aabd4f9c5 (webtiles) character file.

Game seed: 10435031412930235656

107 Rocko1345 the Slasher (level 4, -11/54 HPs)
             Began as a Demonspawn Chaos Knight on Mar 8, 2023.
             Was a Plaything of Xom.
             Killed by divine providence
             ... invoked by an orc priest
              (12 damage)
             ... on level 4 of the Dungeon.
             The game lasted 00:08:38 (2761 turns).

Rocko1345 the Slasher (Demonspawn Chaos Knight)     Turns: 2761, Time: 00:08:39

Health: -11/54     AC: 22    Str: 14    XL:     4   Next: 57%
Magic:  4/4        EV:  2    Int: 13    God:    Xom [.*....]
Gold:   100        SH:  0    Dex: 13    Spells: 2/3 levels left

rFire   x . .      SeeInvis .    a - +1 falchion (chaos)
rCold   + . .      Faith    +    (no shield)
rNeg    . . .      Spirit   .    b - melded +3 leather armour
rPois   +          Reflect  .    (helmet currently unavailable)
rElec   .          Rampage  .    (cloak currently unavailable)
rCorr   .          NoTele   +    (gloves currently unavailable)
Will    .....                    (boots currently unavailable)
Stlth   +                        l - amulet of faith
HPRegen 0.29/turn                e - ring of ice
MPRegen 0.09/turn                (no ring)

@: confused, tree-form
A: stationary, stasis, torment immunity, boosted hp, (yellow scales 1), demonic
magic 1
a: Renounce Religion


You were on level 4 of the Dungeon.
You worshipped Xom.
You were a plaything of Xom.
You were a tree.
You visited 1 branch of the dungeon, and saw 4 of its levels.

You collected 100 gold pieces.

Inventory:

Hand Weapons
 a - a +1 falchion of chaos (weapon)
Missiles
 d - 3 poisoned darts
Armour
 b - a +3 leather armour (melded)
Magical Staves
 i - a staff of poison
Jewellery
 e - a ring of ice (left branch)
 l - an amulet of faith (around neck)
Scrolls
 g - 3 scrolls of teleportation
 m - 2 scrolls of enchant armour
 o - 3 scrolls of identify {unknown}
Potions
 f - 2 potions of lignification
 h - a potion of experience {unknown}
 j - a potion of heal wounds {unknown}
 k - a potion of flight {unknown}
 p - a potion of degeneration {unknown}
Miscellaneous
 c - a piece from Xom's chessboard (15/15) (quivered)


   Skills:
 + Level 3.6 Fighting
 + Level 4.0 Long Blades
 + Level 2.1 Armour
 + Level 1.5 Dodging
 + Level 0.2 Stealth


You had 2 spell levels left.
You knew the following spells:

 Your Spells              Type           Power      Damage    Failure   Level
a - Sting                 Tmut/Pois      0%         1d3       30%         1

Your spell library contained the following spells:

 Spells                   Type           Power      Damage    Failure   Level
 Sandblast                Erth           0%         2d4       30%         1
 Passwall                 Tmut/Erth      0%         N/A       43%         2
 Poisonous Vapours        Pois/Air       0%         N/A       43%         2
 Stone Arrow              Conj/Erth      0%         3d7       67%         3
 Olgreb's Toxic Radiance  Pois           0%         N/A       97%         4


Dungeon Overview and Level Annotations

Branches:
Dungeon (4/15)
 Temple: D:4-7

Altars:
Cheibriados


Innate Abilities, Weirdness & Mutations

You are a tree.
Your roots penetrate the ground, keeping you stationary.
You cannot be teleported.
You are immune to unholy pain and torment.
Your maximum health is greatly increased.
Your equipment is partially melded.
((You are partially covered in yellow scales. (AC +2)))
Spells you cast may paralyse adjacent enemies.


Message History

You hit the orc. You burn the orc.
The orc is almost dead.
Something hits you. The orc hits you but does no damage.
The orc priest mumbles some strange prayers to Beogh against you.
Beogh smites you! The endoplasm freezes you.
You are frozen.
You resist. The endoplasm freezes you.
You are frozen.
You resist.
* * * LOW HITPOINT WARNING * * *
The orc hits you but does no damage. Something hits you.
* * * LOW HITPOINT WARNING * * *
You hit the endoplasm but do no damage. The endoplasm barely misses you.
The orc hits you with a +0 mace.
* * * LOW HITPOINT WARNING * * *
Something hits you but does no damage.
You hit the endoplasm. You freeze the endoplasm.
You kill the endoplasm!
Your orc zombie completely misses the orc.
The orc completely misses you.
You hear some strange, mumbled words.
You are confused.
The orc attacks as you move away! The orc barely misses you.
Something hits you but does no damage.
Your orc zombie hits the orc but does no damage.
The orc attacks as you move away! The orc hits you with a +0 mace.
* * * LOW HITPOINT WARNING * * *
Your orc zombie barely misses the hobgoblin.
Okay, then.
You are too confused!
It was a potion of lignification.
You turn into a tree.
Your +3 leather armour melds into your body.
Your roots penetrate the ground.
Xom roars with laughter!
The orc hits you with a +0 mace.
* * * LOW HITPOINT WARNING * * *
The orc priest invokes the aid of Beogh against you.
Beogh smites you!
You die...
Xom titters!

##+######+###
............#
........<...#
.......♣....# ###
.......o....#
.....########g....#
......'..)g.o..)..#
.....##....o#Z....#
..w #######.....# .
#.....# #.....#
#.....#


You could see an orc priest, an orc (ally target), a hobgoblin and a friendly
orc zombie.

Vanquished Creatures
  An iguana (D:3)
  An adder (D:2)
  3 worms
  2 dart slugs
  3 orcs
  5 ball pythons
  5 endoplasms
  9 goblins
  A hobgoblin (D:1)
  2 jackals (D:1)
  2 quokkas
  2 bats (D:1)
  9 frilled lizards
  5 kobolds
  6 rats
56 creatures vanquished.

Vanquished Creatures (collateral kills)
  An orc (D:4)
1 creature vanquished.

Vanquished Creatures (others)
  A goblin zombie (D:3)
1 creature vanquished.

Grand Total: 58 creatures vanquished

Notes
Turn   | Place    | Note
-------+----------+-------------------------------------------
     0 | D:1      | Rocko1345 the Demonspawn Chaos Knight began the quest for
                  | the Orb.
     0 | D:1      | Reached XP level 1. HP: 18/18 MP: 1/1
     0 | D:1      | XOM: silly message
     2 | D:1      | Noticed a formicid
     2 | D:1      | Noticed a naga
     4 | D:1      | Noticed an elf
     4 | D:1      | Noticed a demonspawn
     6 | D:1      | Noticed a spriggan
     6 | D:1      | Noticed a vampire
     8 | D:1      | Noticed a draconian
     8 | D:1      | Noticed a troll
    10 | D:1      | Noticed a minotaur
    12 | D:1      | Noticed a human
    12 | D:1      | Noticed an ogre
    14 | D:1      | Noticed a meteoran
    14 | D:1      | Noticed a felid
    16 | D:1      | Noticed a vine stalker
    16 | D:1      | Noticed a merfolk
    18 | D:1      | Noticed an armataur
    18 | D:1      | Noticed an octopode
    20 | D:1      | Noticed a ghoul
    20 | D:1      | Noticed a demigod
    22 | D:1      | Noticed a gargoyle
    22 | D:1      | Noticed a tengu
    24 | D:1      | Noticed an armataur
    26 | D:1      | Noticed a demonspawn
    98 | D:1      | XOM: butterfly on damage
   191 | D:1      | XOM: divination: detect items
   265 | D:1      | Gained mutation: Spells you cast may paralyse adjacent
                  | enemies. [demonic ancestry]
   265 | D:1      | Reached XP level 2. HP: 24/24 MP: 2/2
   350 | D:1      | Reached skill level 3 in Long Blades
   469 | D:1      | XOM: 5-stop teleportation journey
   615 | D:1      | Reached skill level 1 in Dodging
  1064 | D:1      | XOM: noise
  1177 | D:2      | Gained mutation: You are partially covered in yellow
                  | scales. (AC +2) [demonic ancestry]
  1177 | D:2      | Reached XP level 3. HP: 28/29 MP: 3/3
  1486 | D:2      | XOM: divination: magic mapping
  2033 | D:3      | XOM: noise
  2035 | D:3      | Learned a level 1 spell: Sting
  2060 | D:3      | Reached XP level 4. HP: 10/36 MP: 0/4
  2168 | D:3      | Found a snail-covered altar of Cheibriados.
  2698 | D:4      | Reached skill level 4 in Long Blades
  2725 | D:4      | XOM: summons 2 friendly demons
  2752 | D:4      | XOM: divination: detect creatures
  2761 | D:4      | HP: 1/54 [orc/+0 mace (5)]
  2761 | D:4      | Killed from afar by an orc priest

Illustrated notes

Levels and vault maps discovered:
D:1:      kb_arrival_jail, layout_basic
D:2:      layout_loops_ring, hangedman_glass_teeth
D:3:      layout_loops_ring, slow_altar_1, chequers_arboretum
D:4:      layout_gridville, minmay_bisected

Skill      XL: |  1  2  3  4 |
---------------+-------------+-----
Long Blades    | 3 4 |  4.0
Dodging        | 1 |  1.5
Armour         | 2 |  2.1
Fighting       | |  3.6
Stealth        | |  0.2

Action                     |  1- 3 |  4- 6 || total
---------------------------+-------+-------++-------
  Melee: Falchion          |   132 |    44 ||   176
         Punch             |     3 |     1 ||     4
   Cast: Sting             |     1 |       ||     1
    Use: Scroll            |     5 |       ||     5
         Potion            |       |     1 ||     1
   Stab: Petrifying        |     1 |       ||     1
         Confused          |       |     1 ||     1
 Armour: Leather armour    |    52 |    16 ||    68
  Dodge: Dodged            |    77 |    20 ||    97

Table legend: (Time is in decaauts)
 A = Elapsed time spent in this place.
 B = Non-inter-level travel time spent in this place.
 C = Inter-level travel time spent in this place.
 D = Time resting spent in this place.
 E = Time spent auto-exploring this place.
 F = Levels seen in this place.
 G = Mean time per level.
                   A        B        C        D        E       F      G
               +--------+--------+--------+--------+--------+-----+--------+
         Total |   2782 |   2666 |    116 |    202 |   1789 |   4 |  695.5 |
       Dungeon |   2782 |   2666 |    116 |    202 |   1789 |   4 |  695.5 |
               +--------+--------+--------+--------+--------+-----+--------+

Top non-repeatable levels by time:
     D:1: 1148 daAuts
     D:3: 878 daAuts
     D:2: 685 daAuts
     D:4: 70 daAuts
